Selects Airborne Battlegroup
Construct Weapon Support Center
Construct Weapon Support Center
Selects Paratrooper Squad Paradrop
Mechanized Support Center
Construct Medical Station
Paratrooper Squad Paradrop
Selects Anti-tank Gun Team Paradrop
Selects Smoke Bombing Run
Selects Paradrop Reinforcements
M4A1(76) Sherman Medium Tank
Selects Dual P-47 Rocket Strike
Designate Forward Repair Station
M4A1(76) Sherman Medium Tank
M4A1(76) Sherman Medium Tank
M4A1(76) Sherman Medium Tank
M4A1(76) Sherman Medium Tank